 Dungeon Crawl Stone Soup version 0.31.0-11-ge490571c62 (webtiles) character file.

Game seed: 15891653463881780423

122 hawla the Conjurer (level 4, -1/26 HPs)
             Began as a Deep Elf Conjurer on Feb 5, 2024.
             Frozen to death by an endoplasm (5 damage)
             ... on level 2 of the Dungeon.
             The game lasted 00:05:14 (1891 turns).

hawla the Conjurer (Deep Elf Conjurer)              Turns: 1891, Time: 00:05:16

Health: -1/26      AC:  3    Str:  4    XL:     4   Next: 78%
Magic:  10/10      EV: 13    Int: 25    God:
Gold:   111        SH:  0    Dex: 23    Spells: 6/9 levels left

rFire   . . .        j - staff of Awkwardness {Dex+4 Conj}
rCold   . . .        (no shield)
rNeg    . . .        a - +0 robe
rPois   .            p - +0 helmet
rElec   .            (no cloak)
rCorr   .            (no gloves)
SInv    .            (no boots)
Will    .....        (no amulet)
Stlth   +++          h - +6 ring of dexterity
HPRegen 0.24/turn    (no ring)
MPRegen 0.12/turn

%: no passive effects
@: no status effects
A: no striking features
a: no special abilities


You were on level 2 of the Dungeon.
You visited 1 branch of the dungeon, and saw 3 of its levels.

You collected 111 gold pieces.

Inventory:

Armour
 a - a +0 robe (worn)
 p - a +0 helmet (worn)
Magical Staves
 j - the staff of Awkwardness (weapon) {Dex+4 Conj}
   (You found it on level 2 of the Dungeon)

   [staff of conjuration]

   Base accuracy: +5 Base damage: 5 Base attack delay: 1.2 This weapon's minimum
   attack delay (0.6) is reached at skill level 12.
   Dex+4:     It affects your dexterity (+4).
   Conj:      It increases the power of your Conjurations spells.
   It falls into the 'Staves' category.
   It is a one-handed weapon.
Jewellery
 h - a +6 ring of dexterity (left hand)
Scrolls
 d - a scroll of fear {unknown}
 f - 4 scrolls of identify {unknown}
 g - 6 scrolls of teleportation {unknown}
 i - a scroll of enchant weapon {unknown}
 m - a scroll of blinking {unknown}
 n - a scroll of revelation {unknown}
Potions
 b - a potion of heal wounds {unknown}
 c - a potion of haste
 k - a potion of might {unknown}
 l - a potion of magic
 o - a potion of degeneration {unknown}
 q - a potion of resistance {unknown}


   Skills:
 - Level 2.0 Fighting
 - Level 0.2 Staves
 - Level 2.5 Dodging
 - Level 2.5 Stealth
 + Level 0.7 Shields
 - Level 3.1 Spellcasting
 - Level 4.4 Conjurations
 + Level 1.0 Necromancy
 - Level 3.0 Translocations
 - Level 0.2 Evocations
 - Level 0.2 Shapeshifting


You had 6 spell levels left.
You knew the following spells:

 Your Spells              Type           Power      Damage    Failure   Level
a - Magic Dart            Conj           100%       1d8       1%          1
b - Searing Ray           Conj           78%        2d7       2%          2

Your spell library contained the following spells:

 Spells                   Type           Power      Damage    Failure   Level
 Kiss of Death            Conj/Necr      100%       2d13      3%          1
 Iskenderun's Mystic Bla  Conj/Tloc      33%        2d8       22%         4
 Confusing Touch          Hex            3%         N/A       30%         3
 Fulminant Prism          Conj/Alch      11%        3d9       38%         4
 Dispel Undead            Necr           9%         3d8       54%         4


Dungeon Overview and Level Annotations

Branches:
Dungeon (3/15)

Altars:


Message History

The gnoll hits you from afar with a +0 spear.
* * * LOW HITPOINT WARNING * * *
The ball python closely misses you. x2
You climb upwards.
There is a stone staircase leading down here.
It was a potion of ambrosia.
You are confused.
You feel invigorated. The endoplasm freezes you.
You are frozen.
The ball python completely misses you. The ball python grabs you.
The ball python constricts you.
The hobgoblin hits you but does no damage.
The orc hits you but does no damage.
You hit the orc but do no damage. The ball python barely misses you.
The ball python constricts you. The endoplasm freezes you.
You are frozen.
The hobgoblin hits you. The orc hits you with a +0 club.
You closely miss the endoplasm. The ball python closely misses you.
The ball python constricts you.
The endoplasm hits you but does no damage.
The orc hits you with a +0 club. The hobgoblin hits you.
The ball python barely misses you. The ball python constricts you.
* * * LOW HITPOINT WARNING * * *
You escape the ball python's grasp.
The endoplasm closely misses you.
The hobgoblin attacks as it pursues you!
The hobgoblin hits you.
You feel less invigorated.
You feel less confused.
The endoplasm attacks as it pursues you!
The endoplasm hits you.
You hit the endoplasm but do no damage. The endoplasm freezes you.
You are frozen.
The orc misses you. The endoplasm hits you.
You hit the endoplasm.
The endoplasm is severely wounded.
The orc hits you with a +0 club.
* * * LOW HITPOINT WARNING * * *
The endoplasm freezes you.
You are frozen.
You die...

..#.#.#..P.P.P..###.#..###
..#.#.#........##......#
....#.........#...#..###
....#....##.###.###..#
.......#.....#..##...####
#..............###......#
...............###......#
#................#......#
#..............#@Jg.....#
#.#..........#..#oS.....##
#...........###.##>......#
###...............<......####
....<......####.#...........#
#...[......# #..........#..###
........#### ##.........##...#
........# #.........##.<.#
#.......########.........#....###


You could see an orc, an endoplasm, a hobgoblin and a ball python.

Vanquished Creatures
  Terence (D:2)
  3 gnolls (D:2)
  3 adders (D:2)
  2 dart slugs (D:1)
  A ribbon worm (D:2)
  A bat (D:2)
  2 giant cockroaches (D:1)
  3 goblins
  5 hobgoblins (D:1)
  A jackal (D:1)
  2 quokkas
  3 ball pythons
  3 frilled lizards
  3 kobolds (D:1)
  4 rats (D:1)
37 creatures vanquished.

Notes
Turn   | Place    | Note
-------+----------+-------------------------------------------
     0 | D:1      | hawla the Deep Elf Conjurer began the quest for the Orb.
     0 | D:1      | Reached XP level 1. HP: 10/10 MP: 6/6
   307 | D:1      | Reached XP level 2. HP: 12/15 MP: 2/8
   531 | D:1      | Reached skill level 1 in Fighting
   953 | D:1      | Reached XP level 3. HP: 20/20 MP: 5/9
  1137 | D:2      | Learned a level 2 spell: Searing Ray
  1163 | D:2      | Noticed Terence
  1170 | D:2      | Killed Terence
  1171 | D:2      | Reached skill level 1 in Translocations
  1258 | D:2      | Identified the staff of Awkwardness {Dex+4 Conj}
  1274 | D:2      | Reached XP level 4. HP: 26/26 MP: 4/10
  1793 | D:2      | Reached skill level 1 in Necromancy
  1891 | D:2      | Frozen to death by an endoplasm

Illustrated notes

Levels and vault maps discovered:
D:1:      dpeg_arrival_houses_and_road, layout_basic, serial_forest,
          infiniplex_forest_lined_2, infiniplex_forest_straight_2,
          infiniplex_forest_clump_curved, infiniplex_forest_straight_2,
          infiniplex_forest_lined_room_2, minmay_circled_x
D:2:      layout_rooms, nicolae_grassy_gnolls, uniq_terence
D:3:      layout_rooms, old_standard_altar, dreamdust_princess_bridge,
          minmay_misc_feat_square, minmay_guardbox, uniq_natasha, uniq_grinder,
          uniq_crazy_yiuf_cottage

Skill      XL: |  1  2  3  4 |
---------------+-------------+-----
Fighting       | 1 2 |  2.0
Translocations | 2 3 |  3.0
Necromancy     | 1 |  1.0
Staves         | |  0.2
Dodging        | |  2.5
Stealth        | |  2.5
Shields        | |  0.7
Spellcasting   | |  3.1
Conjurations   | |  4.4
Evocations     | |  0.2
Shapeshifting  | |  0.2

Action                     |  1- 3 |  4- 6 || total
---------------------------+-------+-------++-------
  Melee: Staff             |       |    17 ||    17
   Cast: Magic Dart        |    52 |    12 ||    64
         Searing Ray       |     3 |     4 ||     7
    Use: Potion            |     3 |     1 ||     4
   Stab: Sleeping          |       |     1 ||     1
 Armour: Robe              |    11 |    25 ||    36
  Dodge: Dodged            |    17 |    25 ||    42
